 Dungeon Sprint DCSS version 0.30.1-9-gdf580d7c3d (webtiles) character file.

Game seed: 440405333839536402

4410 Heoruswealwe the Impaler (level 10, -2/104 HPs)
             Began as a Minotaur Fighter on Oct 4, 2023.
             Was an Initiate of Gozag.
             Slain by a komodo dragon (15 damage)
             ... in the Dungeon (Sprint IX: "|||||||||||||||||||||||||||||").
             The game lasted 00:03:50 (372 turns).

Heoruswealwe the Impaler (Minotaur Fighter)          Turns: 372, Time: 00:03:51

Health: -2/104     AC: 25    Str: 25    XL:     10   Next: 14%
Magic:  9/9        EV:  9    Int:  5    God:    Gozag
Gold:   1152       SH:  0    Dex: 10    Spells: 9/9 levels left

rFire   . . .        b - +2 halberd (protect)
rCold   . . .        (shield currently unavailable)
rNeg    . . .        c - +1 chain mail
rPois   .            (helmet restricted)
rElec   .            (no cloak)
rCorr   .            f - +0 pair of gloves
SInv    .            (no boots)
Will    .....        (no amulet) Stlth
                     k - +2 ring of protection
HPRegen 0.37/turn    (no ring)
MPRegen 0.11/turn

%: no teleportation
@: gold aura, under a protective aura
A: horns 2, retaliatory headbutt
a: Renounce Religion, Potion Petition, Call Merchant, Bribe Branch


You were in the Dungeon.
You worshipped Gozag.
Gozag was most pleased with you.
You visited 1 branch You collected 1152 gold pieces.

Inventory:

Hand Weapons
 a - a +0 trident
 b - a +2 halberd of protection (weapon)
Armour
 c - a +1 chain mail (worn)
 d - a +0 buckler
 f - a +0 pair of gloves (worn)
Jewellery
 k - a +2 ring of protection (left hand)
Wands
 h - a wand of iceblast (10)
Scrolls
 j - 2 scrolls of blinking
 o - 3 scrolls of fear
 p - 2 scrolls of enchant armour
 q - a scroll of identify
 r - 2 scrolls of enchant weapon
Potions
 e - 5 potions of curing
 g - a potion of haste
 i - a potion of berserk rage
 l - 9 potions of heal wounds
 m - 2 potions of might
 n - a potion of resistance


   Skills:
 + Level 14.7 Fighting
 * Level 19.8 Polearms
 + Level 14.7 Armour
 - Level 3.6 Shields


You had 9 spell levels left.
You didn't know any spells.
Your spell library was empty.

Dungeon Overview and Level Annotations

Branches:
Dungeon (1/1)

Altars:
Cheibriados
Dithmenos
Elyvilon
Fedhas
Gozag
Hepliaklqana
Kikubaaqudgha
Makhleb
Nemelex Xobeh
Okawaru
Qazlal
Ru
Sif Muna
Trog
Uskayaw
Vehumet
Wu Jian
Xom
Yredelemnul
Zin
The Shining One
Jiyva
Lugonu


Innate Abilities, Weirdness & Mutations

You have a pair of horns on your head.
You reflexively headbutt those who attack you in melee.


Message History

The blink frog is heavily wounded.
The komodo dragon is no longer distracted by gold.
The blink frog barely misses you. You furiously retaliate!
You headbutt the blink frog! You miss the blink frog.
The blink frog is almost dead.
The blink frog blinks!
You barely miss the water moccasin.
The water moccasin bites you but does no damage.
You barely miss the water moccasin. You headbutt the water moccasin!
The water moccasin is heavily wounded.
The yak is no longer distracted by gold.
The water moccasin bites you but does no damage.
You slice the water moccasin!!
You kill the water moccasin!
You hit the komodo dragon but do no damage.
You headbutt the komodo dragon!!
The komodo dragon is heavily wounded.
The komodo dragon closely misses you.
You slice the komodo dragon!!
You kill the komodo dragon!
The blink frog blinks!
You impale the komodo dragon!!
The komodo dragon is heavily wounded.
The komodo dragon bites you.
* * * LOW HITPOINT WARNING * * *
The blink frog hits you!
* * * LOW HITPOINT WARNING * * *
You puncture the komodo dragon! Your headbutt misses the komodo dragon.
The komodo dragon is almost dead.
The blink frog is distracted by your dazzling golden aura.
You closely miss the komodo dragon.
The komodo dragon is almost dead.
The komodo dragon completely misses you.
You closely miss the komodo dragon.
You headbutt the komodo dragon, but do no damage.
The komodo dragon is almost dead.
The komodo dragon bites you!
You die...
Your body crumbles into a pile of gold. $$$$$$$$$$$$$ $$$$$$$$$$$$

▓▓▓▓▓▓▓▓▓▓▓▓▓▓▓▓▓▓▓▓▓▓▓▓
'.....!)......$F@lY.....
▓▓▓▓▓▓▓▓▓▓▓▓▓▓▓▓▓▓▓▓▓▓▓▓▓▓▓▓▓▓▓▓▓
.................................
▓▓▓▓▓▓▓▓▓▓▓▓▓▓▓▓▓▓▓▓▓▓▓▓▓▓▓▓▓▓▓▓▓
...).....'_______________________
▓▓▓▓▓▓▓▓▓▓▓▓▓▓▓▓▓▓▓▓▓▓▓▓▓▓▓▓▓▓▓▓▓


You could see a komodo dragon, a yak and a blink frog.

Vanquished Creatures
  A centaur warrior (D)
  3 two-headed ogres (D)
  2 cane toads (D)
  A komodo dragon (D)
  A troll (D)
  2 wraiths (D)
  A yak (D)
  2 water moccasins (D)
  A centaur (D)
  A phantom (D)
  A bullfrog (D)
  A wight (D)
  A howler monkey (D)
  A jelly (D)
  An orc priest (D)
  An iguana (D)
  A shadow imp (D)
  A dart slug (D)
  An orc (D)
  A giant cockroach (D)
  A quokka (D)
  A bat (D)
  A kobold (D)
28 creatures vanquished.

Notes
Turn   | Place    | Note
-------+----------+-------------------------------------------
     0 | D        | Heoruswealwe the Minotaur Fighter began the quest for the
                  | Orb.
     0 | D        | Reached XP level 1. HP: 19/19 MP: 0/0
     7 | D        | Reached skill level 3 in Polearms
     7 | D        | Banished a spatial maelstrom
    17 | D        | Reached skill level 4 in Polearms
    24 | D        | Noticed a jelly
    24 | D        | Noticed an iguana
    24 | D        | Noticed a phantom
    27 | D        | Killed a jelly
    28 | D        | Reached skill level 5 in Fighting
    28 | D        | Reached skill level 5 in Polearms
    28 | D        | Reached skill level 5 in Armour
    28 | D        | Reached XP level 2. HP: 24/29 MP: 1/1
    28 | D        | Reached XP level 3. HP: 30/36 MP: 2/2
    29 | D        | Reached skill level 6 in Polearms
    34 | D        | Reached skill level 7 in Polearms
    34 | D        | Reached XP level 4. HP: 39/44 MP: 3/3
    40 | D        | Killed a phantom
    41 | D        | Reached skill level 8 in Polearms
    41 | D        | Reached XP level 5. HP: 38/52 MP: 4/4
    47 | D        | Found a snail-covered altar of Cheibriados.
    47 | D        | Found a shadowy altar of Dithmenos.
    47 | D        | Found a white marble altar of Elyvilon.
    47 | D        | Found a blossoming altar of Fedhas.
    47 | D        | Found an opulent altar of Gozag.
    48 | D        | Found a hazy altar of Hepliaklqana.
    49 | D        | Found a viscous altar of Jiyva.
    50 | D        | Found an ancient bone altar of Kikubaaqudgha.
    51 | D        | Found a corrupted altar of Lugonu.
    52 | D        | Found a burning altar of Makhleb.
    53 | D        | Found a sparkling altar of Nemelex Xobeh.
    54 | D        | Found an iron altar of Okawaru.
    55 | D        | Became a worshipper of Gozag Ym Sagoz the Greedy
    56 | D        | Found a stormy altar of Qazlal.
    57 | D        | Found a sacrificial altar of Ru.
    58 | D        | Found a shimmering blue altar of Sif Muna.
    59 | D        | Found a bloodstained altar of Trog.
    60 | D        | Found a hide-covered altar of Uskayaw.
    61 | D        | Found a radiant altar of Vehumet.
    62 | D        | Found an ornate altar of the Wu Jian Council.
    63 | D        | Found a shimmering altar of Xom.
    64 | D        | Found a basalt altar of Yredelemnul.
    65 | D        | Found a glowing silver altar of Zin.
    66 | D        | Found a glowing golden altar of the Shining One.
   125 | D        | Noticed a wraith
   125 | D        | Noticed a two-headed ogre
   125 | D        | Noticed a yak
   125 | D        | Noticed a two-headed ogre
   130 | D        | Reached skill level 9 in Polearms
   133 | D        | Killed a wraith
   134 | D        | Reached skill level 11 in Polearms
   134 | D        | Reached XP level 6. HP: 62/62 MP: 5/5
   143 | D        | Killed a two-headed ogre
   144 | D        | Reached skill level 10 in Fighting
   144 | D        | Reached skill level 14 in Polearms
   144 | D        | Reached skill level 10 in Armour
   144 | D        | Reached XP level 7. HP: 45/73 MP: 6/6
   149 | D        | Killed a yak
   150 | D        | Reached XP level 8. HP: 50/82 MP: 7/7
   155 | D        | Killed a two-headed ogre
   156 | D        | Reached skill level 16 in Polearms
   174 | D        | Noticed a troll
   174 | D        | Noticed a centaur warrior
   174 | D        | Noticed a two-headed ogre
   182 | D        | Killed a troll
   193 | D        | Reached XP level 9. HP: 33/92 MP: 8/8
   201 | D        | Reached skill level 17 in Polearms
   209 | D        | Killed a centaur warrior
   210 | D        | Reached skill level 18 in Polearms
   213 | D        | Killed a two-headed ogre
   340 | D        | Noticed a cane toad
   340 | D        | Noticed a cane toad
   342 | D        | Noticed a komodo dragon
   346 | D        | Killed a cane toad
   347 | D        | Reached skill level 19 in Polearms
   353 | D        | Killed a cane toad
   354 | D        | Reached XP level 10. HP: 31/104 MP: 9/9
   372 | D        | Slain by a komodo dragon

Illustrated notes

Levels and vault maps discovered:
D:        linesprint [early_d, line_temple, items_1, d_10, items_2, lair_1,
          lair_end, items_3, orc_1, orc_end, items_4, d_15, swamp_1, shoals_1,
          snake_1, spider_1, d_20, vaults_1, items_5, swamp_end, shoals_end,
          snake_end, spider_end, vaults_end, d_27, items_6, zot_1, zot_end,
          crypt_end, forest_end, elf_end, slime_end, tomb_end, abyss_end,
          pan_hell_end]

Skill      XL: |  1  2  3  4  5  6  7  8  9 |
---------------+----------------------------+-----
Polearms       | 5 7 8 11 14 16 19 | 19.8
Fighting       | 5 7 8 10 11 12 14 | 14.7
Armour         | 5 7 8 10 11 12 14 | 14.7
Shields        | |  3.6

Action                     |  1- 3 |  4- 6 |  7- 9 | 10-12 || total
---------------------------+-------+-------+-------+-------++-------
  Melee: Trident           |    20 |     7 |       |       ||    27
         Headbutt          |     2 |     7 |    12 |     3 ||    24
         Halberd           |       |    17 |    62 |    16 ||    95
    Use: Potion            |       |     1 |       |       ||     1
 Armour: Scale mail        |     5 |     1 |       |       ||     6
         Chain mail        |       |     6 |    32 |     6 ||    44
  Dodge: Dodged            |     7 |     7 |    21 |     6 ||    41
  Block: Buckler           |     2 |       |       |       ||     2
